 Dungeon Crawl Stone Soup version 0.23.2-33-g5129a83184 (webtiles) character file.

Game seed: 6317156119887586528

242 Descartes the Skirmisher (level 5, -7/42 HPs)
             Began as a Demonspawn Fighter on Aug 6, 2019.
             Killed by divine providence
             ... invoked by an orc priest
              (13 damage)
             ... on level 3 of the Dungeon.
             The game lasted 00:05:18 (1932 turns).

Descartes the Skirmisher (Demonspawn Fighter)       Turns: 1932, Time: 00:05:19

Health: -7/42      AC:  9    Str: 16    XL:     5   Next: 81%
Magic:  5/5        EV:  4    Int: 14    God:
Gold:   138        SH:  9    Dex: 14    Spells: 4/4 levels left

rFire    . . .     SeeInvis +   a - +1 long sword
rCold    . . .     Gourm    .   c - +0 shield
rNeg     . . .     Faith    .   k - +0 chain mail
rPois    .         Spirit   .   (helmet restricted)
rElec    .         Reflect  .   (no cloak)
rCorr    .         Harm     .   (no gloves)
MR       .....                  (no boots)
Stlth    ..........             (no amulet)
HPRegen  0.14/turn              g - ring of see invisible
MPRegen  0.09/turn              m - +5 ring of intelligence

@: no status effects
A: horns 1, spiny 2
a: no special abilities


You were on level 3 of the Dungeon.
You were not hungry.

You visited 1 branch of the dungeon, and saw 3 of its levels.

You collected 138 gold pieces.

Inventory:

Hand Weapons
 a - a +1 long sword (weapon)
 j - a +0 blowgun
Missiles
 i - 13 poisoned needles
 s - 46 stones (quivered)
Armour
 c - a +0 shield (worn)
 k - a +0 chain mail (worn)
Jewellery
 g - a ring of see invisible (left hand)
 m - a +5 ring of intelligence (right hand)
 o - an uncursed ring of resist corrosion
Scrolls
 h - a scroll of enchant weapon
 p - 2 scrolls of teleportation
Potions
 d - a potion of might
 e - a potion of ambrosia {unknown}
 n - 2 potions of magic {unknown}
 q - a potion of berserk rage {unknown}
 r - a potion of curing {unknown}
Comestibles
 f - 2 rations
 l - 4 chunks of flesh


   Skills:
 + Level 4.1 Fighting
 + Level 3.1 Long Blades
 + Level 3.7 Armour
 + Level 3.8 Shields


You had 4 spell levels left.
You didn't know any spells.
Your spell library was empty.

Dungeon Overview and Level Annotations

Branches:
Dungeon (3/15)

Altars:
Okawaru
Sif Muna


Innate Abilities, Weirdness & Mutations

You have a pair of small horns on your head.
You are mostly covered in sharp spines.


Message History

The orc hits you with a +2 mace of protection.
You closely miss the orc.
The orc is lightly wounded.
You block the orc's attack. The orc hits you but does no damage.
You hit the orc.
You kill the orc!
The orc hits you but does no damage. The rat bites you.
You hit the rat.
You kill the rat!
You block the orc's attack.
You miss the goblin. The goblin is struck by your spines.
The goblin hits you with a +0 club.
The orc hits you from afar with a +0 trident!
* * * LOW HITPOINT WARNING * * *
You closely miss the goblin.
The goblin is severely wounded.
You block the goblin's attack. The orc hits you but does no damage.
The orc priest calls down the wrath of Beogh upon you.
Beogh smites you!
You die...

..## # ...... #....## ( .....
.......# #### ....
#.....#######... ...
#.............#. ..##
#............... .g#
#........<.##... #)#
#####.....[.÷.......
#####.#####og@.......#####....
#.....†...Jo###........####>..
....####..#####
#.....##...##... .J ##.#
#..........##... #.#
#######....##... #.#
##).<..#.. #.# #.###...# #.#
####)###.... #.# ##.>.....÷...


You could see an orc priest, an ooze, an orc and a goblin.

Vanquished Creatures
  An ogre (D:2)
  4 adders
  4 gnolls (D:3)
  An ooze (D:2)
  A worm (D:2)
  2 dart slugs (D:1)
  3 leopard geckos
  7 orcs
  8 bats
  A giant cockroach (D:3)
  8 goblins
  6 hobgoblins
  4 jackals (D:2)
  3 frilled lizards
  8 kobolds
  4 rats
65 creatures vanquished.

Notes
Turn   | Place    | Note
-------+----------+-------------------------------------------
     0 | D:1      | Descartes the Demonspawn Fighter began the quest for the
                  | Orb.
     0 | D:1      | Reached XP level 1. HP: 18/18 MP: 1/1
    22 | D:1      | You fall through a shaft!
   101 | D:1      | Gained mutation: You have a pair of small horns on your
                  | head. [demonic ancestry]
   101 | D:1      | Reached XP level 2. HP: 23/24 MP: 2/2
   719 | D:2      | Gained mutation: You are partially covered in sharp spines.
                  | [demonic ancestry]
   719 | D:2      | Reached XP level 3. HP: 25/29 MP: 3/3
   778 | D:2      | Noticed an ogre
   785 | D:2      | Killed an ogre
   785 | D:2      | Reached XP level 4. HP: 28/37 MP: 4/4
   936 | D:2      | Gained mutation: You are mostly covered in sharp spines.
                  | [demonic ancestry]
   936 | D:2      | Reached XP level 5. HP: 40/42 MP: 5/5
  1076 | D:2      | Found an iron altar of Okawaru.
  1384 | D:3      | Reached skill level 4 in Fighting
  1417 | D:3      | Found a deep blue altar of Sif Muna.
  1932 | D:3      | Killed from afar by an orc priest

Skill      XL: |  1  2  3  4  5 |
---------------+----------------+-----
Long Blades    | 2 3 |  3.1
Shields        | 3 |  3.8
Armour         | 3 |  3.7
Fighting       | 4 |  4.1

Action                   |  1- 3 |  4- 6 || total
-------------------------+-------+-------++-------
Melee: Long sword        |    56 |    82 ||   138
       Headbutt          |     1 |    11 ||    12
  Use: Scroll            |       |     3 ||     3
  Eat: Chunk             |       |     3 ||     3
Armor: Scale mail        |    16 |    29 ||    45
       Chain mail        |       |     5 ||     5
Dodge: Dodged            |    18 |    22 ||    40
Block: Shield            |    29 |    44 ||    73
       Rpst.: Long sword |     8 |     6 ||    14
